 Dungeon Crawl Stone Soup version 0.22-a0-247-gbddf880 (webtiles) character file.

28 Serpenta the Chiller (level 3, 0/21 HPs)
             Began as an Octopode Ice Elementalist on Feb 26, 2018.
             Slain by a gnoll
             ... wielding a +0 flail
              (11 damage)
             ... on level 2 of the Dungeon.
             The game lasted 00:02:30 (1559 turns).

Serpenta the Chiller (Octopode Ice Elementalist)    Turns: 1559, Time: 00:02:31

Health: 0/21       AC:  1    Str:  7    XL:     3   Next: 12%
Magic:  2/6        EV: 13    Int: 17    God:
Gold:   73         SH:  0    Dex: 13    Spells: 3/6 levels left

rFire    . . .     SeeInvis .   i - +0 dagger
rCold    . . .     Gourm    .   (no shield)
rNeg     . . .     Faith    .   (helmet restricted)
rPois    .         Spirit   .   (no amulet)
rElec    .         Reflect  .   (no ring)
rCorr    .         Harm     .   (no ring)
MR       .....                  (no ring)
Stlth    +++.......             (no ring)
HPRegen  0.07/turn              (no ring)
MPRegen  0.10/turn              (no ring)
                                (no ring)
                                (no ring)

@: no status effects
A: almost no armour, stealthy swim, amphibious, 8 rings, constrict 8, camouflage
1, gelatinous body 1
a: no special abilities


You were on level 2 of the Dungeon.
You were not hungry.

You visited 1 branch of the dungeon, and saw 2 of its levels.

You collected 73 gold pieces.


Innate Abilities, Weirdness & Mutations

You cannot wear most types of armour.
You are very stealthy in the water. (Stealth+)
You are amphibious.
You can wear up to eight rings at the same time.
You can use your tentacles to constrict eight enemies at once.
Your skin changes colour to match your surroundings (Stealth+).
Your rubbery body absorbs attacks. (AC +1, EV +1)


   Skills:
 - Level 2.0 Dodging
 - Level 2.6 Stealth
 + Level 1.0 Shields
 - Level 2.0 Spellcasting
 - Level 1.0 Conjurations
 + Level 4.0 Ice Magic


You had 3 spell levels left.
You knew the following spells:

 Your Spells              Type           Power        Failure   Level  Hunger
A - Freeze                Ice            ###.         3%          1    #......
B - Throw Frost           Conj/Ice       ##....       11%         2    ###....

Action                   || total
-------------------------++-------
Melee: Unarmed           ||     5
       Constrict         ||    11
       Short sword       ||     3
       Tentacles         ||     4
       Dagger            ||    28
 Cast: Freeze            ||    12
       Throw Frost       ||     1
  Use: Scroll            ||     3
 Stab: Sleeping          ||    10
  Eat: Chunk             ||     2
Armor: Skin              ||     6
Dodge: Dodged            ||    20

Inventory:

Hand Weapons
 i - a +0 dagger (weapon)
Armour
 e - a +0 buckler
Wands
 k - a wand of polymorph (10)
Scrolls
 b - a scroll of fog {unknown}
 c - 2 scrolls of identify
 d - a scroll of blinking {unknown}
 g - a scroll of teleportation
 h - 2 scrolls of remove curse {unknown}
Potions
 f - a potion of curing
 j - a potion of heal wounds
Comestibles
 a - 3 rations

#..........#.# #.$...
#..........#.# ......
#..........#.#+#+#......
#..........#............
######...###......).....
.....)...# +<...........
######...###gg..........
...............#g#.....
########.#######@#..### ##
#(.......<........# ≈≈
##...#.##....#.##.# ≈§
#...#.......#.# # ≈§
#.#.####....#.# ##§
#.#.........#.### #≈#
#.#.##..........# #≈###
#.#.#......##.#.# ##≈≈#
#..........##.#.######≈######


You could see a gnoll.

Vanquished Creatures
  A leopard gecko (D:1)
  2 giant cockroaches
  6 goblins
  A hobgoblin (D:1)
  2 jackals (D:1)
  4 kobolds
  A ball python (D:2)
  2 bats (D:1)
  A frilled lizard (D:1)
  6 rats
26 creatures vanquished.

Vault maps used:
D:1:      minmay_arrival_solitary_statue, minivault_19
D:2:      chequers_ecumenical_altar_grove, lemuel_another_geyser


Message History

Press: ? - help, Shift-Dir - straight line, f/p - gnoll
Aim: a gnoll, wielding a flail and wearing a scale mail (lightly wounded)
You freeze the gnoll.
The gnoll is lightly wounded.
The gnoll hits you with a flail!
Ouch! That really hurt!
Casting: Freeze (safe; 3% risk of failure)
Confirm with . or Enter, or press ? or * to list all spells.
Aiming: Freeze (safe; 3% risk of failure)
Press: ? - help, Shift-Dir - straight line, f/p - gnoll
Aim: a gnoll, wielding a flail and wearing a scale mail (lightly wounded)
You freeze the gnoll.
The gnoll is moderately wounded.
The gnoll misses you.
There is a stone staircase leading up here.
Found 6 gold pieces.
Your magical contamination has completely faded away.
The gnoll hits you with a flail!
Ouch! That really hurt!
You die...

Notes
Turn   | Place    | Note
-------+----------+-------------------------------------------
     0 | D:1      | Serpenta the Octopode Ice Elementalist began the quest for the Orb.
     0 | D:1      | Reached XP level 1. HP: 11/11 MP: 3/3
   362 | D:1      | Reached XP level 2. HP: 17/17 MP: 5/5
  1201 | D:2      | Learned a level 2 spell: Throw Frost
  1218 | D:2      | Reached XP level 3. HP: 21/21 MP: 6/6
  1277 | D:1      | Reached skill level 1 in Shields
  1279 | D:1      | Reached skill level 4 in Ice Magic
  1559 | D:2      | Slain by a gnoll
